 Dungeon Crawl Stone Soup version 0.24.0-13-gcf9b319 (webtiles) character file.

Game seed: 8368242591591019941, levelgen mode: deterministic

3 Ekaitz the Caller (level 1, 0/13 HPs)
             Began as a Merfolk Summoner on Dec 7, 2019.
             Slain by a gnoll
             ... wielding a +0 club
              (4 damage)
             ... on level 1 of the Dungeon.
             The game lasted 00:01:22 (617 turns).

Ekaitz the Caller (Merfolk Summoner)                 Turns: 617, Time: 00:01:23

Health: 0/13       AC:  2    Str:  8    XL:     1   Next: 50%
Magic:  0/3        EV: 13    Int: 14    God:
Gold:   15         SH:  0    Dex: 14    Spells: 3/4 levels left

rFire    . . .     SeeInvis .   d - +0 dagger
rCold    . . .     Gourm    .   (no shield)
rNeg     . . .     Faith    .   a - +0 robe
rPois    .         Spirit   .   (no helmet)
rElec    .         Reflect  .   (no cloak)
rCorr    .         Harm     .   (no gloves)
MR       .....                  (no boots)
Stlth    ++........             (no amulet)
HPRegen  0.04/turn              (no ring)
MPRegen  0.08/turn              (no ring)

@: no status effects
A: change form in water, swift swim, stealthy swim
a: no special abilities


You were on level 1 of the Dungeon.
You were not hungry.

You visited 1 branch of the dungeon, and saw 1 of its levels.

You collected 15 gold pieces.

Inventory:

Hand Weapons
 d - a +0 dagger (weapon)
Missiles
 e - 4 stones (quivered)
Armour
 a - a +0 robe (worn)
Scrolls
 b - a scroll of identify {unknown}
Comestibles
 c - a ration


   Skills:
 + Level 2.6 Dodging
 + Level 2.1 Stealth
 + Level 2.0 Spellcasting
 + Level 4.1 Summonings


You had 3 spell levels left.
You knew the following spells:

 Your Spells              Type           Power        Failure   Level  Hunger
a - Summon Small Mammal   Summ           ##..         4%          1    ##.....

Your spell library contained the following spells:

 Spells                   Type           Power        Failure   Level  Hunger
 Call Imp                 Summ           ##......     6%          2    ###....
 Call Canine Familiar     Summ           ##......     13%         3    ####...
 Summon Guardian Golem    Hex/Summ       #.......     30%         3    ####...
 Summon Ice Beast         Ice/Summ       #.......     69%         4    #####..
 Summon Lightning Spire   Summ/Air       #.......     69%         4    #####..


Dungeon Overview and Level Annotations

Branches:
Dungeon (1/15)

Altars:


Message History

A goblin comes into view. It is wielding a +0 dagger.
The goblin moves out of view.
The goblin shouts!
The gnoll shouts!
Casting: Summon Small Mammal (safe; 4% risk of failure)
Confirm with . or Enter, or press ? or * to list all spells.
Okay, then.
The gnoll hits you with a +0 club.
Casting: Summon Small Mammal (safe; 4% risk of failure)
Confirm with . or Enter, or press ? or * to list all spells.
The gnoll hits you with a +0 club.
Casting: Summon Small Mammal (safe; 4% risk of failure)
Confirm with . or Enter, or press ? or * to list all spells.
Your bat closely misses the gnoll.
Your bat misses the goblin. The gnoll hits you with a +0 club.
The goblin hits your bat but does no damage.
Your bat hits the goblin.
Casting: Summon Small Mammal (safe; 4% risk of failure)
Confirm with . or Enter, or press ? or * to list all spells.
Your bat misses the goblin. The gnoll hits you with a +0 club.
You die...

######### #.....)..
######.######. ###
#.....#.# #. #.
###.###.####.## #. #.
##..#....# ### ## #..
######.#.rb..## ## #.?.
...###.#@##.######## #.
##...####.###.#g##.##.....#
#.
...........#...g##.##.....#
#.
..............b.##........#
#.
......g..........####.....#
#. ##........#.#..#.#
#.....# #.
#?..######.##.#.# #######
#. #.. #.#..#.# ## #.
#......# #########


You could see a gnoll, a goblin, 2 friendly bats and a friendly rat.

Vanquished Creatures
  A bat (D:1)
1 creature vanquished.

Vanquished Creatures (collateral kills)
  2 hobgoblins (D:1)
  A kobold (D:1)
  A rat (D:1)
4 creatures vanquished.

Grand Total: 5 creatures vanquished

Notes
Turn   | Place    | Note
-------+----------+-------------------------------------------
     0 | D:1      | Ekaitz the Merfolk Summoner began the quest for the Orb.
     0 | D:1      | Reached XP level 1. HP: 13/13 MP: 3/3
   617 | D:1      | Slain by a gnoll

Levels and vault maps discovered:
D:1:      kilobyte_arrival_exit_the_forest, layout_loops_cross,
          serial_park_tiny_pond, nicolae_ashenzari_panopticon

Action                   || total
-------------------------++-------
Melee: Dagger            ||     5
       Unarmed           ||     3
 Cast: Summon Small Mamm ||    12
 Stab: Sleeping          ||     1
Armor: Robe              ||     1
Dodge: Dodged            ||    11
